 Dungeon Crawl Stone Soup version 0.24-a0-584-g9d6b971ae4 (webtiles) character file.

Game seed: 5386293725350392163, levelgen mode: deterministic

25 Gynju the Skirmisher (level 2, 0/24 HPs)
             Began as a Demonspawn Abyssal Knight on Aug 30, 2019.
             Was a Follower of Lugonu.
             Slain by a jackal (3 damage)
             ... on level 2 of the Dungeon.
             The game lasted 00:03:03 (1326 turns).

Gynju the Skirmisher (Demonspawn Abyssal Knight)    Turns: 1326, Time: 00:03:04

Health: 0/24       AC:  3    Str: 12    XL:     2   Next: 86%
Magic:  4/4        EV:  8    Int: 13    God:    Lugonu [*.....]
Gold:   90         SH:  6    Dex: 12    Spells: 1/1 levels left

rFire    . . .     SeeInvis .   a - +1 falchion
rCold    . . .     Gourm    .   n - +0 shield
rNeg     . . .     Faith    .   b - +0 leather armour
rPois    .         Spirit   .   (no helmet)
rElec    .         Reflect  .   (no cloak)
rCorr    .         Harm     .   (no gloves)
MR       .....                  (no boots)
Stlth    +.........             (no amulet)
HPRegen  0.08/turn              (no ring)
MPRegen  0.09/turn              (no ring)

@: no status effects
A: powered by pain 1
a: Depart the Abyss, Renounce Religion


You were on level 2 of the Dungeon.
You worshipped Lugonu.
Lugonu was aware of your devotion.
You were not hungry.

You visited 1 branch of the dungeon, and saw 2 of its levels.
You visited the Abyss 1 time.

You collected 90 gold pieces.

Inventory:

Hand Weapons
 a - a +1 falchion (weapon)
Armour
 b - a +0 leather armour (worn)
 n - a +0 shield (worn)
Scrolls
 d - a scroll of fog {unknown}
 e - 5 scrolls of identify {unknown}
 g - 2 scrolls of teleportation {unknown}
Potions
 f - a potion of heal wounds {unknown}
 h - 2 potions of curing {unknown}
 i - a potion of brilliance {unknown}
 j - a potion of magic {unknown}
 l - 2 potions of invisibility {unknown}
 m - a potion of ambrosia {unknown}
Comestibles
 c - 3 rations
 k - 7 chunks of flesh


   Skills:
 + Level 3.2 Fighting
 + Level 2.1 Long Blades
 + Level 2.1 Armour
 + Level 1.2 Dodging
 + Level 0.0 Shields
 + Level 3.0 Invocations


You had one spell level left.
You didn't know any spells.
Your spell library was empty.

Dungeon Overview and Level Annotations

Branches:
Dungeon (2/15)

Altars:

Annotations:
D:2 Natasha


Innate Abilities, Weirdness & Mutations

You sometimes gain a little power by taking damage.


Message History

You are too injured to fight recklessly!
You are too injured to fight recklessly!
You are too injured to fight recklessly!
You are too injured to fight recklessly!
You are too injured to fight recklessly!
You are too injured to fight recklessly!
You are too injured to fight recklessly!
You are too injured to fight recklessly!
You are too injured to fight recklessly!
You are too injured to fight recklessly!
You are too injured to fight recklessly!
You are too injured to fight recklessly!
Natasha barely misses you. The jackal closely misses you.
You riposte.
You hit the jackal.
You kill the jackal!
Lugonu accepts your kill.
You can now depart the Abyss.
Your shield prevents you from hitting the jackal.
The jackal is heavily wounded.
The jackal bites you.
You die...

#.. ###.##)#...#
..#######.........#
#####.#.((.##............
#.....#.##.##............
#...##.##............
#..)##............###
#...#####..##.#...#
#.....#.#####..##.#####
#####.#.@h.##.....#
##.##.#.##..#... #..
#.K†##......# #..
##g...........
..#...##.##.#.#...#.
......†...........#
..#....#..##..#.
#.....[.......
...............##


You could see a jackal, a goblin and a kobold.

Vanquished Creatures
  A leopard gecko (D:1)
  2 ball pythons
  A giant cockroach (D:2)
  2 goblins (D:2)
  2 hobgoblins
  2 jackals (D:2)
  8 kobolds
  2 bats
  A rat (D:1)
21 creatures vanquished.

Notes
Turn   | Place    | Note
-------+----------+-------------------------------------------
     0 | Abyss:1  | Gynju the Demonspawn Abyssal Knight began the quest for the
                  | Orb.
     0 | Abyss:1  | Reached XP level 1. HP: 18/18 MP: 2/2
    66 | Abyss:2  | Noticed a small abomination
    88 | D:1      | Escaped the Abyss
   310 | D:1      | Reached skill level 1 in Dodging
   532 | D:1      | Gained mutation: You sometimes gain a little power by
                  | taking damage. [demonic ancestry]
   532 | D:1      | Reached XP level 2. HP: 18/24 MP: 4/4
  1315 | D:2      | Noticed Natasha
  1323 | D:2      | Reached * piety under Lugonu
  1326 | D:2      | Slain by a jackal

Levels and vault maps discovered:
D:1:      dpeg_arrival_water_fire, layout_rooms, ebering_dispersal_statue_hall,
          serial_park_tiny_1
D:2:      layout_basic, chequers_ecumenical_altar_twisty, first_ration,
          hangedman_decor_clover_reticule, uniq_natasha

Skill      XL: |  1  2 |
---------------+-------+-----
Dodging        | 1 |  1.2
Long Blades    | 2 |  2.1
Armour         | 2 |  2.1
Invocations    | 3 |  3.0
Fighting       | |  3.2

Action                   || total
-------------------------++-------
Melee: Falchion          ||    57
Invok: Depart the Abyss  ||     1
  Eat: Chunk             ||     1
Armor: Leather armour    ||    22
Dodge: Dodged            ||    49
Block: Shield            ||     2
       Rpst.: Falchion   ||    14

Table legend:
 A = Non-vault XP
 B = Vault XP
 C = Vault XP percentage of total XP
 D = Non-vault monster count
 E = Vault monster count
 F = Vault count percentage of total count
                 A         B        C        D         E       F
            +---------+---------+-------+---------+---------+-------
      Total |      37 |       0 |   0.0 |      21 |       0 |   0.0
            +---------+---------+-------+---------+---------+-------
        D:1 |      18 |       0 |   0.0 |      11 |       0 |   0.0
        D:2 |      19 |       0 |   0.0 |      10 |       0 |   0.0
            +---------+---------+-------+---------+---------+-------
